 Dungeon Crawl Stone Soup version 0.28.0-45-g0d030f2227 (webtiles) character file.

Game seed: 743530960768609617

58 GigaChad the Skirmisher (level 3, -11/34 HPs)
             Began as a Minotaur Fighter on Apr 14, 2022.
             Was a Follower of Vehumet.
             Mangled by an ogre
             ... wielding a +0 giant club
              (24 damage)
             ... on level 3 of the Dungeon.
             The game lasted 00:04:38 (1410 turns).

GigaChad the Skirmisher (Minotaur Fighter)          Turns: 1410, Time: 00:04:38

Health: -11/34     AC:  9    Str: 20    XL:     3   Next: 75%
Magic:  2/2        EV:  6    Int:  5    God:    Vehumet [*.....]
Gold:   34         SH:  8    Dex: 11    Spells: 2/2 levels left

rFire   . . .      SeeInvis .   a - +0 long sword
rCold   . . .      Faith    .   g - +0 kite shield
rNeg    . . .      Spirit   .   i - +0 chain mail
rPois   .          Reflect  .   (helmet restricted)
rElec   .          Harm     .   (no cloak)
rCorr   .          Rampage  .   (no gloves)
Will    .....                   (no boots)
Stlth   ..........              m - amulet of regeneration
HPRegen 0.91/turn               (no ring)
MPRegen 0.08/turn               (no ring)

@: no status effects
A: horns 2, retaliatory headbutt
a: Renounce Religion


You were on level 3 of the Dungeon.
You worshipped Vehumet.
Vehumet was aware of your devotion.
You visited 1 branch of the dungeon, and saw 3 of its levels.

You collected 34 gold pieces.

Inventory:

Hand Weapons
 a - a +0 long sword (weapon)
Armour
 b - a +0 scale mail
 c - a +0 buckler
 g - a +0 kite shield (worn)
 i - a +0 chain mail (worn)
Jewellery
 k - a ring of protection from cold
 m - an amulet of regeneration (around neck)
Scrolls
 e - 4 scrolls of identify
 j - a scroll of teleportation {unknown}
 n - a scroll of magic mapping {unknown}
Potions
 d - a potion of might
 f - a potion of brilliance
 h - a potion of attraction {unknown}
 l - a potion of heal wounds {unknown}
 o - 2 potions of curing {unknown}


   Skills:
 + Level 4.4 Fighting
 + Level 3.1 Long Blades
 + Level 4.3 Armour
 + Level 0.1 Dodging
 + Level 4.0 Shields


You had 2 spell levels left.
You didn't know any spells.
Your spell library was empty.

Dungeon Overview and Level Annotations

Branches:
Dungeon (3/15)

Altars:
Vehumet
Xom


Innate Abilities, Weirdness & Mutations

You have a pair of horns on your head.
You reflexively headbutt those who attack you in melee.


Message History

You open the door.
Found a stone staircase leading down.
There is an open door here.
There is a stone staircase leading down here.
You open the door.
Found 2 coppery potions.
There is an open door here.
A rat comes into view.
Found a scale mail.
The rat moves out of view.
You block the rat's attack. The rat completely misses you.
You furiously retaliate!
You headbutt the rat.
You kill the rat!
Vehumet accepts your kill.
o - 2 coppery potions
There is an open door here.
There is a stone staircase leading down here.
There is an open door here.
Things that are here:
a +0 dagger; a +0 leather armour; an orc skeleton You open the door.
There is an open door here.
An ogre comes into view. It is wielding a +0 giant club.
The ogre shouts!
You slash the ogre! You headbutt the ogre.
The ogre is severely wounded.
You block the ogre's attack.
You hit the ogre.
The ogre is severely wounded.
The ogre hits you with a +0 giant club!!
Ouch! That really hurt!
You hit the ogre but do no damage. You headbutt the ogre.
The ogre is almost dead.
The ogre closely misses you. You furiously retaliate!
You headbutt the ogre, but do no damage.
An endoplasm comes into view.
You hit the ogre but do no damage.
The ogre is almost dead.
The ogre hits you with a +0 giant club!!
Ouch! That really hurt!
You die...

#...# ###...#
#... # .# ## .# #
.## .. ..###.# #
J... # ##O# ..# #
#.@# #...##.
##.## ###.#...#
#..#
..#####...####.##
#...#.###...#..#
##.##...###...##
#..#..#...###.#
#.##.####...#'#
..#..+ ###...#


You could see an ogre and an endoplasm.

Vanquished Creatures
  An adder (D:3)
  2 dart slugs
  An orc (D:3)
  6 ball pythons
  5 bats
  2 giant cockroaches
  3 goblins (D:1)
  4 hobgoblins (D:1)
  6 jackals (D:1)
  A quokka (D:1)
  A frilled lizard (D:1)
  3 kobolds
  3 rats (D:3)
38 creatures vanquished.

Notes
Turn   | Place    | Note
-------+----------+-------------------------------------------
     0 | D:1      | GigaChad the Minotaur Fighter began the quest for the Orb.
     0 | D:1      | Reached XP level 1. HP: 19/19 MP: 0/0
   277 | D:1      | Reached XP level 2. HP: 20/27 MP: 1/1
   691 | D:1      | Found a faded altar of an unknown god.
   698 | D:1      | Reached XP level 3. HP: 33/33 MP: 2/2
   709 | D:1      | Prayed at the altar of an unknown god.
   709 | D:1      | Became a worshipper of Vehumet
   709 | D:1      | Reached * piety under Vehumet
   709 | D:1      | Offered knowledge of Magic Dart by Vehumet.
  1081 | D:2      | You fall into a shaft and drop 1 floor!
  1196 | D:3      | Found a shimmering altar of Xom.
  1208 | D:3      | Found a shimmering altar of Xom.
  1209 | D:3      | Found a shimmering altar of Xom.
  1209 | D:3      | Found a shimmering altar of Xom.
  1215 | D:3      | Found a shimmering altar of Xom.
  1220 | D:3      | Found a shimmering altar of Xom.
  1220 | D:3      | Found a shimmering altar of Xom.
  1406 | D:3      | Noticed an ogre
  1410 | D:3      | Mangled by an ogre

Illustrated notes

Levels and vault maps discovered:
D:1:      dpeg_arrival_morbid_curiosity, layout_basic,
          hellmonk_ecumenical_altar_dog_temple
D:2:      layout_loops_ring, uniq_terence
D:3:      minmay_skewed_foursquare, layout_basic, mainiacjoe_overflow_catwalk,
          nicolae_xom_altar_mimics, uniq_grinder

Skill      XL: |  1  2  3 |
---------------+----------+-----
Fighting       | 4 |  4.4
Armour         | 4 |  4.3
Long Blades    | 3 |  3.1
Shields        | 4 |  4.0
Dodging        | |  0.1

Action                   || total
-------------------------++-------
Melee: Long sword        ||    61
       Headbutt          ||    12
  Use: Scroll            ||     1
Armor: Scale mail        ||    19
       Chain mail        ||    48
Dodge: Dodged            ||    37
Block: Buckler           ||    10
       Kite shield       ||    43
